 Dungeon Crawl Stone Soup version 0.29.1-1-gd02db6906a (webtiles) character file.

Game seed: 973792333777510506

60 Iwiine the Covered (level 4, -1/28 HPs)
             Began as a Gargoyle Fighter on Oct 2, 2022.
             Slain by a gnoll
             ... wielding a +0 spear
              (3 damage)
             ... on level 2 of the Dungeon.
             The game lasted 00:17:59 (1590 turns).

Iwiine the Covered (Gargoyle Fighter)               Turns: 1590, Time: 00:18:00

Health: -1/28      AC: 13    Str: 22    XL:     4   Next: 6%
Magic:  4/4        EV:  9    Int:  8    God:
Gold:   78         SH:  4    Dex:  9    Spells: 3/3 levels left

rFire   . . .      SeeInvis .   a - +0 flail
rCold   . . .      Faith    .   c - +0 buckler
rNeg    + . .      Spirit   .   b - +1 scale mail
rPois   ∞          Reflect  .   f - +0 helmet
rElec   +          Harm     .   g - +0 cloak
rCorr   .          Rampage  .   (no gloves)
Will    .....                   (no boots)
Stlth   ..........              (no amulet)
HPRegen 0.09/turn               (no ring)
MPRegen 0.09/turn               (no ring)

@: no status effects
A: sickness immunity, AC +3, negative energy resistance 1, electricity
resistance, torment resistance 1, petrification resistance
a: no special abilities


You were on level 2 of the Dungeon.
You visited 1 branch of the dungeon, and saw 2 of its levels.

You collected 78 gold pieces.

Inventory:

Hand Weapons
 a - a +0 flail (weapon)
Missiles
 e - 3 large rocks
 j - 24 stones (quivered)
Armour
 b - a +1 scale mail (worn)
 c - a +0 buckler (worn)
 f - a +0 helmet (worn)
 g - a +0 cloak (worn)
 i - a +0 ring mail
Scrolls
 h - 2 scrolls of poison {unknown}
 k - 2 scrolls of enchant armour
 m - a scroll of teleportation {unknown}
 n - 3 scrolls of identify
Potions
 d - a potion of might
 l - a potion of brilliance {unknown}
 p - a potion of degeneration


   Skills:
 + Level 3.5 Fighting
 * Level 3.3 Maces & Flails
 * Level 3.8 Armour
 - Level 0.2 Dodging
 + Level 3.4 Shields


You had 3 spell levels left.
You didn't know any spells.
Your spell library was empty.

Dungeon Overview and Level Annotations

Branches:
Dungeon (2/15)

Altars:


Innate Abilities, Weirdness & Mutations

You are immune to sickness and miasma.
Your stone body is resilient. (AC +3)
You are immune to poison.
You resist negative energy. (rN+)
You are resistant to electric shocks. (rElec)
You are resistant to unholy torment.
You are immune to petrification.


Message History

Throw: 26 stones
Press: ? - help, Q - select action Shift-Dir - straight line, f/p - bat
Aim: a bat (37% to hit)
You throw a stone.
The stone hits the bat but does no damage.
The bat closely misses you. You block the bat's attack.
You hit the bat but do no damage. The bat hits you.
* * * LOW HITPOINT WARNING * * *
A gnoll comes into view. It is wielding a +0 club.
Throw: 25 stones
Press: ? - help, Q - select action Shift-Dir - straight line, f/p - bat
Aim: a bat (37% to hit)
You throw a stone. The stone barely misses the bat.
The gnoll shouts!
The bat hits you but does no damage. The bat misses you.
The gnoll barely misses you.
You barely miss the bat. The bat barely misses you.
You block the gnoll's attack.
You barely miss the bat. The bat closely misses you.
The gnoll barely misses you.
You closely miss the bat. The bat hits you but does no damage.
The gnoll hits you from afar with a +0 spear!
* * * LOW HITPOINT WARNING * * *
The bat closely misses you.
You closely miss the bat. The bat hits you but does no damage.
The gnoll misses you. The bat hits you but does no damage.
The gnoll hits you but does no damage.
You barely miss the bat. You block the bat's attack.
The gnoll barely misses you.
You hit the bat but do no damage. The bat barely misses you. x2
The bat closely misses you. The gnoll closely misses you.
You barely miss the bat. You block the bat's attack.
The bat hits you but does no damage. You block the gnoll's attack.
The bat hits you but does no damage. x2; The gnoll hits you but does no damage.
You closely miss the bat. The bat hits you but does no damage. x2
The gnoll misses you.
You closely miss the bat. The bat completely misses you.
The gnoll hits you from afar with a +0 spear.
You die...

######## #......#
#.....$####### #......##....#
.##......##....#
........g##....#
#..$.ggb@....# #.....g##....#
# #.......#....## #..
##########.>.....# ##...#
##≈≈≈≈§≈§§##.....)##...#
##≈§§.....≈§##..##....#
##≈≈...##...§§##.....###
##≈≈....##....≈≈###...#######
##§≈.....##.....≈≈###.........


You could see 4 gnolls and a bat.

Vanquished Creatures
  Natasha (D:2)
  An adder (D:2)
  3 bats (D:1)
  2 endoplasms
  A giant cockroach (D:2)
  2 hobgoblins (D:2)
  3 ball pythons
  3 frilled lizards
  6 goblins
  2 kobolds
  3 rats
27 creatures vanquished.

Notes
Turn   | Place    | Note
-------+----------+-------------------------------------------
     0 | D:1      | Iwiine the Gargoyle Fighter began the quest for the Orb.
     0 | D:1      | Reached XP level 1. HP: 14/14 MP: 1/1
   338 | D:1      | Reached XP level 2. HP: 18/19 MP: 2/2
  1451 | D:2      | Reached XP level 3. HP: 21/23 MP: 3/3
  1537 | D:2      | Noticed Natasha
  1555 | D:2      | Killed Natasha
  1566 | D:2      | Reached XP level 4. HP: 11/28 MP: 4/4
  1590 | D:2      | Slain by a gnoll

Illustrated notes

Levels and vault maps discovered:
D:1:      nicolae_arrival_somewhat_less_tricky_arrival, layout_loops_ring,
          minmay_misc_feat_x
D:2:      layout_rooms, kennysheep_cross_room, uniq_natasha

Skill      XL: |  1  2  3 |
---------------+----------+-----
Maces & Flails | 3 |  3.3
Fighting       | |  3.5
Armour         | |  3.8
Dodging        | |  0.2
Shields        | |  3.4

Action                   |  1- 3 |  4- 6 || total
-------------------------+-------+-------++-------
Melee: Flail             |    79 |    13 ||    92
Throw: Stone             |    13 |     6 ||    19
  Use: Scroll            |     3 |       ||     3
       Potion            |     2 |       ||     2
Armor: Scale mail        |    80 |    20 ||   100
Dodge: Dodged            |    59 |    17 ||    76
Block: Buckler           |    19 |     5 ||    24
